 Dungeon Crawl Stone Soup version 0.26-a0-651-gb41185065b (webtiles) character file.

Game seed: 6330029552831629912

1782 oldriver the Thaumaturge (level 9, -3/46 HPs)
             Began as a Gargoyle Fire Elementalist on Sept 28, 2020.
             Slain by an orc warrior
             ... wielding a +0 mace
              (14 damage)
             ... on level 6 of the Dungeon.
             The game lasted 00:16:08 (7932 turns).

oldriver the Thaumaturge (GrFE)                     Turns: 7932, Time: 00:16:09

Health: -3/46      AC: 10    Str: 16    XL:     9   Next: 8%
Magic:  5/21       EV: 12    Int: 19    God:
Gold:   295        SH:  0    Dex:  7    Spells: 11/24 levels left

rFire    . . .     SeeInvis +   q - +0 dagger (vamp)
rCold    . . .     Faith    .   (no shield)
rNeg     + + +     Spirit   .   a - +0 robe
rPois    ∞         Reflect  .   m - +0 helmet
rElec    +         Harm     .   (no cloak)
rCorr    .         Rampage  .   w - +0 pair of gloves "Liydes" {rN++ MR+ Str+4 Dex-3}
MR       +....                  (no boots)
Stlth    ++........             i - amulet of magic regeneration
HPRegen  0.15/turn              t - ring of see invisible
MPRegen  0.42/turn              (no ring)

@: no status effects
A: negative energy resistance 1, electricity resistance, unbreathing,
petrification resistance, rot immunity, AC +6
a: no special abilities


You were on level 6 of the Dungeon.
You visited 1 branch of the dungeon, and saw 6 of its levels.

You collected 295 gold pieces.

Inventory:

Hand Weapons
 q - a +0 vampiric dagger (weapon)
 A - a +0 short sword of venom
Armour
 a - a +0 robe (worn)
 m - a +0 helmet (worn)
 w - the +0 pair of gloves "Liydes" (worn) {rN++ MR+ Str+4 Dex-3}
   (You found it on level 4 of the Dungeon)

   It affects your strength (+4).
   It affects your dexterity (-3).
   It greatly protects you from negative energy.
   It affects your resistance to hostile enchantments.
Jewellery
 i - an amulet of magic regeneration (around neck)
 t - a ring of see invisible (left hand)
Wands
 x - a wand of flame (17)
Scrolls
 f - 2 scrolls of remove curse {unknown}
 g - 5 scrolls of teleportation {unknown}
 j - 6 scrolls of identify {unknown}
 l - a scroll of magic mapping {unknown}
 n - a scroll of immolation {unknown}
 o - a scroll of enchant weapon {unknown}
 p - a scroll of fog {unknown}
 r - a scroll of fear {unknown}
 y - a scroll of amnesia {unknown}
 B - a scroll of enchant armour {unknown}
Potions
 b - 2 potions of resistance {unknown}
 c - 2 potions of haste {unknown}
 d - 4 potions of mutation {unknown}
 e - 3 potions of curing
 h - a potion of brilliance {unknown}
 k - a potion of heal wounds {unknown}
 s - 4 potions of stabbing {unknown}
 u - 2 potions of magic {unknown}
 v - a potion of degeneration {unknown}
 z - a potion of flight {unknown}


   Skills:
 + Level 0.4 Fighting
 + Level 2.1 Dodging
 + Level 2.5 Stealth
 * Level 8.0 Spellcasting
 * Level 5.2 Conjurations
 * Level 6.2 Fire Magic


You had 11 spell levels left.
You knew the following spells:

 Your Spells              Type           Power        Failure   Level
a - Foxfire               Conj/Fire      ####         1%          1
b - Conjure Flame         Conj/Fire      ####....     2%          3
c - Sticky Flame          Conj/Fire      ####....     9%          4
d - Fireball              Conj/Fire      ####......   24%         5

Your spell library contained the following spells:

 Spells                   Type           Power        Failure   Level
 Inner Flame              Hex/Fire       ###.....     8%          3
 Animate Skeleton         Necr           #.....       9%          1
 Pain                     Necr           #...         9%          1
 Vampiric Draining        Necr           #.........   26%         3
 Animate Dead             Necr           #.........   65%         4
 Agony                    Necr           #.......     94%         5


Dungeon Overview and Level Annotations

Branches:
Dungeon (6/15)
 Temple: D:4-7

Altars:
Nemelex Xobeh
Ru
The Shining One


Innate Abilities, Weirdness & Mutations

You are resistant to torment.
Your stone body is resilient. (AC +6)
You are immune to poison.
You resist negative energy. (rN+)
You are resistant to electric shocks. (rElec)
You can survive without breathing.
You are immune to petrification.
You are immune to rotting.


Message History

Nothing appears to happen.
The foxfire hits the orc warrior but does no damage.
The orc warrior is severely wounded.
The orc warrior hits you with a +0 scimitar!
Casting: Foxfire (safe; 1% risk of failure)
Confirm with . or Enter, or press ? or * to list all spells.
You conjure some foxfire!
The foxfire hits the orc!
You kill the orc!
Your foxfire dissipates!
The orc warrior hits you with a +0 scimitar!
* * * LOW HITPOINT WARNING * * *
Found 25 stones.
Casting: Foxfire (safe; 1% risk of failure)
Confirm with . or Enter, or press ? or * to list all spells.
You conjure some foxfire!
The foxfire hits the orc warrior but does no damage.
The foxfire hits the orc warrior.
The orc warrior is moderately wounded.
The orc warrior hits you with a +0 mace!
You die...

# # ########.
.#. #.(......
#.# ##)##.# #
#.#
##)..#.###.#.#
#.#
##.###.........
#####.###.##
##oo##...
.....§##o##
##@# ####.....#
#........
###.##.##
#..!.....
#...§.<.#
...#...(.
....o####.#
#####...#
###.### #..
#.## #. #.# .#
.. ... # .. ###


You could see 2 orc warriors.

Vanquished Creatures
  A wraith (D:5)
  A sky beast (D:5)
  An ice beast (D:5)
  2 phantoms
  2 ogres (D:5)
  2 centaurs (D:6)
  A water moccasin zombie (D:6)
  A scorpion (D:5)
  A howler monkey (D:5)
  A centaur zombie (D:6)
  A hound (D:2)
  6 orc priests
  Jessica (D:3)
  An iguana (D:3)
  3 worker ants
  Natasha (thrice) (D:3)
  4 orc wizards
  Robin (D:2)
  3 gnolls
  6 adders
  An ufetubus (D:5)
  3 oozes
  An adder skeleton (D:6)
  4 worms
  3 dart slugs
  4 leopard geckos
  24 orcs
  3 ball pythons
  8 bats
  9 giant cockroaches
  12 goblins
  8 hobgoblins
  10 jackals
  2 quokkas
  5 frilled lizards
  A giant cockroach zombie (D:5)
  3 kobolds
  3 rats
146 creatures vanquished.

Vanquished Creatures (collateral kills)
  5 foxfires
5 creatures vanquished.

Vanquished Creatures (others)
  950 foxfires
  3 plants (D:1)
953 creatures vanquished.

Grand Total: 1104 creatures vanquished

Notes
Turn   | Place    | Note
-------+----------+-------------------------------------------
     0 | D:1      | oldriver the Gargoyle Fire Elementalist began the quest for
                  | the Orb.
     0 | D:1      | Reached XP level 1. HP: 10/10 MP: 3/3
   185 | D:1      | Reached XP level 2. HP: 15/15 MP: 2/5
   427 | D:1      | Reached skill level 3 in Spellcasting
   604 | D:1      | Reached XP level 3. HP: 17/19 MP: 2/7
  1594 | D:2      | Reached skill level 4 in Spellcasting
  1594 | D:2      | Reached XP level 4. HP: 24/24 MP: 5/10
  2329 | D:2      | Learned a level 3 spell: Conjure Flame
  2334 | D:2      | Learned a level 4 spell: Sticky Flame
  2879 | D:3      | Noticed Robin
  3187 | D:2      | Killed Robin
  3337 | D:2      | Reached XP level 5. HP: 18/28 MP: 8/11
  3732 | D:3      | Found a sparkling altar of Nemelex Xobeh.
  3817 | D:3      | Noticed Jessica
  3840 | D:3      | Killed Jessica
  3844 | D:3      | Reached skill level 5 in Spellcasting
  3911 | D:3      | Reached XP level 6. HP: 23/32 MP: 0/13
  4043 | D:3      | Noticed Natasha
  4050 | D:3      | Killed Natasha
  4569 | D:3      | Noticed Natasha
  4579 | D:3      | Killed Natasha
  4844 | D:3      | Noticed Natasha
  4849 | D:3      | Killed Natasha
  5109 | D:4      | Reached XP level 7. HP: 30/36 MP: 11/15
  5356 | D:4      | Found a sacrificial altar of Ru.
  5400 | D:4      | Reached skill level 6 in Spellcasting
  5704 | D:4      | Got a pair of warped gloves
  5710 | D:4      | Identified the +0 pair of gloves "Liydes" {rN++ MR+ Str+4
                  | Dex-3} (You found it on level 4 of the Dungeon)
  5967 | D:5      | Entered Level 5 of the Dungeon
  5999 | D:5      | Learned a level 5 spell: Fireball
  6252 | D:5      | Reached XP level 8. HP: 31/41 MP: 12/18
  6563 | D:5      | Reached skill level 5 in Fire Magic
  6587 | D:5      | Reached skill level 7 in Spellcasting
  6942 | D:5      | Found a glowing golden altar of the Shining One.
  7691 | D:6      | Noticed a wraith
  7714 | D:5      | Killed a wraith
  7714 | D:5      | Reached skill level 5 in Conjurations
  7714 | D:5      | Reached XP level 9. HP: 20/46 MP: 4/20
  7925 | D:6      | Reached skill level 8 in Spellcasting
  7932 | D:6      | Slain by an orc warrior

Illustrated notes

Levels and vault maps discovered:
D:1:      dpeg_arrival_boxes_within_box, layout_rooms, serial_bayou_pond_c
D:2:      layout_loops_ring
D:3:      layout_rooms, serial_curves, eino_curves_04, eino_curves_03,
          eino_curves_02, eino_curves_01, nemelex_altar_shiori, uniq_robin,
          uniq_jessica, uniq_natasha
D:4:      layout_basic, lemuel_doored_altar, palyth_stone_intersect
D:5:      layout_rooms, nicolae_tso_swordbearing_angel
D:6:      layout_loops_ring, minmay_temple_entry_poolview, basic_altar,
          minmay_circle_x

Skill      XL: |  1  2  3  4  5  6  7  8  9 |
---------------+----------------------------+-----
Spellcasting   | 3 4 5 6 7 8 |  8.0
Conjurations   | 2 3 5 |  5.2
Fire Magic     | 4 6 |  6.2
Dodging        | 2 |  2.1
Fighting       | |  0.4
Stealth        | |  2.5

Action                   |  1- 3 |  4- 6 |  7- 9 || total
-------------------------+-------+-------+-------++-------
Melee: Unarmed           |     6 |       |       ||     6
       Dagger            |     2 |    37 |    29 ||    68
 Cast: Foxfire           |    78 |   307 |   290 ||   675
       Conjure Flame     |       |       |     9 ||     9
  Use: Potion            |       |       |     3 ||     3
Armor: Robe              |     5 |    40 |    21 ||    66
Dodge: Dodged            |    14 |    89 |    55 ||   158

Table legend: (Time is in decaauts)
 A = Elapsed time spent in this place.
 B = Non-inter-level travel time spent in this place.
 C = Inter-level travel time spent in this place.
 D = Time resting spent in this place.
 E = Time spent auto-exploring this place.
 F = Levels seen in this place.
 G = Mean time per level.
                   A        B        C        D        E       F      G
               +--------+--------+--------+--------+--------+-----+--------+
         Total |   7956 |   7623 |    333 |   2343 |   3658 |   6 | 1326.0 |
       Dungeon |   7956 |   7623 |    333 |   2343 |   3658 |   6 | 1326.0 |
               +--------+--------+--------+--------+--------+-----+--------+

Top non-repeatable levels by time:
     D:2: 2684 daAuts
     D:5: 1698 daAuts
     D:3: 1334 daAuts
     D:1: 1078 daAuts
     D:4: 881 daAuts
     D:6: 279 daAuts
